 Dungeon Crawl Stone Soup version 0.25.0-37-gb73750e0fb (webtiles) character file.

Game seed: 13628196373004472618

2781 Ijustatesigmund the Cleaver (level 9, -8/66 HPs)
             Began as an Octopode Gladiator on July 9, 2020.
             Mangled by Joseph
             ... wielding a +0 quarterstaff
              (14 damage)
             ... on level 7 of the Dungeon.
             The game lasted 00:15:32 (7777 turns).

Ijustatesigmund the Cleaver (Octopode Gladiator)    Turns: 7777, Time: 00:15:33

Health: -8/66      AC:  2    Str: 16    XL:     9   Next: 70%
Magic:  9/9        EV: 16    Int: 16    God:
Gold:   311        SH:  0    Dex: 14    Spells: 8/8 levels left

rFire    . . .     SeeInvis +   k - +5 scythe (venom)
rCold    . . .     Gourm    .   (shield currently unavailable)
rNeg     . . .     Faith    .   b - +1 hat
rPois    +         Spirit   .   (no amulet)
rElec    .         Reflect  .   h - ring of poison resistance
rCorr    .         Harm     .   j - +6 ring of intelligence
MR       .....                  (no ring)
Stlth    ++++......             (no ring)
HPRegen  0.21/turn              (no ring)
MPRegen  0.11/turn              (no ring)
                                (no ring)
                                (no ring)

@: mighty
A: almost no armour, stealthy swim, amphibious, 8 rings, constrict 8, camouflage
1, see invisible, gelatinous body 1
a: no special abilities


You were on level 7 of the Dungeon.
You were not hungry.

You visited 1 branch of the dungeon, and saw 7 of its levels.
You also visited: Sewer and Ossuary.

You collected 431 gold pieces.
You spent 120 gold pieces at shops.

Inventory:

Hand Weapons
 a - a +1 war axe
 k - a +5 scythe of venom (weapon)
Missiles
 c - 2 throwing nets (quivered)
 v - 8 atropa-tipped darts
Armour
 b - a +1 hat (worn)
Jewellery
 h - a ring of poison resistance (left tentacle)
 j - a +6 ring of intelligence (right tentacle)
Wands
 q - a wand of iceblast (7)
 z - a wand of polymorph (10)
 A - a wand of disintegration (1)
Scrolls
 e - 4 scrolls of teleportation
 g - 6 scrolls of remove curse
 r - 2 scrolls of random uselessness {unknown}
 t - 2 scrolls of enchant weapon
 u - a scroll of immolation
 y - 3 scrolls of identify
 B - a scroll of fear
Potions
 f - 2 potions of heal wounds
 i - 5 potions of flight
 l - 4 potions of curing
 m - 2 potions of magic
 n - 2 potions of brilliance
 o - a potion of ambrosia {unknown}
 p - 2 potions of might
 s - a potion of haste
 w - 2 potions of cancellation
 x - a potion of stabbing {unknown}
Comestibles
 d - 11 rations


   Skills:
 + Level 7.9 Fighting
 + Level 8.3 Axes
 - Level 2.0 Throwing
 - Level 5.1 Dodging
 - Level 5.3 Stealth
 + Level 3.9 Unarmed Combat


You had 8 spell levels left.
You didn't know any spells.
Your spell library contained the following spells:

 Spells                   Type           Power        Failure   Level  Hunger
 Corona                   Hex            #......      26%         1    ##.....
 Magic Dart               Conj           #...         26%         1    ##.....
 Summon Small Mammal      Summ           #...         26%         1    ##.....
 Call Imp                 Summ           #.......     36%         2    ###....
 Ensorcelled Hibernation  Hex/Ice        #.....       36%         2    ###....
 Searing Ray              Conj           #.....       36%         2    ###....
 Call Canine Familiar     Summ           #.......     58%         3    ####...
 Confusing Touch          Hex            #.......     58%         3    ####...
 Dazzling Flash           Conj/Hex       #.....       58%         3    ####...
 Summon Guardian Golem    Hex/Summ       #.......     58%         3    ####...
 Tukima's Dance           Hex            #.......     58%         3    ####...
 Fulminant Prism          Conj/Hex       #.........   94%         4    #####..
 Iskenderun's Mystic Bla  Conj/Tloc      #.......     94%         4    #####..
 Summon Ice Beast         Ice/Summ       #.......     94%         4    #####..
 Summon Lightning Spire   Summ/Air       #.......     94%         4    #####..


Dungeon Overview and Level Annotations

Branches:
Dungeon (7/15)             Temple (0/1) D:4           Sewer (visited)
Ossuary (visited)

Altars:
Dithmenos
Fedhas
Nemelex Xobeh

Shops:
D:5 ?   D:7 :*

Annotations:
D:7 Joseph


Innate Abilities, Weirdness & Mutations

You cannot wear most types of armour.
You are very stealthy in the water. (Stealth+)
You are amphibious.
You can wear up to eight rings at the same time.
You can use your tentacles to constrict eight enemies at once.
Your skin changes colour to match your surroundings (Stealth+).
Your rubbery body absorbs attacks. (AC +1, EV +1)
You have supernaturally acute eyesight. (SInv)


Message History

You kill the killer bee!
You feel sick.
You start resting.
You feel sick. x5
You are no longer poisoned.
You start resting.
Joseph is too close now for your liking.
You feel very mighty all of a sudden.
Joseph shouts!
Joseph shoots a sling bullet.
The sling bullet hits you!! The sling bullet burns you!
Joseph unwields a +3 hunting sling of flaming.
It stops flaming.
Joseph wields a +0 quarterstaff.
Joseph hits you with a +0 quarterstaff!!
* * * LOW HITPOINT WARNING * * *
You barely miss Joseph. Your grab misses Joseph. Joseph misses you.
You slash Joseph!
Joseph is poisoned.
Your grab misses Joseph. You squeeze Joseph!
Joseph is moderately wounded.
Joseph hits you with a +0 quarterstaff!
You die...

,,,*#.....................##
,,,,#####...............#..######
,,,,#y.....................<.....
,,,y...........#.....#..[........
,,,....#####........####.........
,,,.##** #.####..## ##........
>,,,* #.# ##.# #........ ,,,,*
#.#####.# #........ ,,,,*
#...(@@.# #....†... *****
######### #########


You could see Joseph (very poisoned).

Vanquished Creatures
  Pikel (D:6)
  A hippogriff (D:7)
  Sigmund (D:4)
  2 wraiths (Ossuary)
  A necrophage (D:5)
  A big kobold (Sewer)
  2 bullfrogs
  2 scorpions
  4 killer bees (D:7)
  3 wights (Ossuary)
  A centaur zombie (D:6)
  2 hounds
  An orc priest (D:7)
  2 jellies
  2 orc wizards (D:7)
  A bullfrog skeleton (D:7)
  A centaur skeleton (D:4)
  A gnoll shaman (D:7)
  Terence (D:2)
  3 iguanas
  3 worker ants
  2 hound skeletons
  A howler monkey skeleton (D:7)
  13 adders
  16 gnolls
  7 river rats
  A shadow imp (D:6)
  An adder zombie (Ossuary)
  2 adder skeletons
  4 worms
  A dart slug (D:3)
  2 leopard geckos (D:3)
  11 orcs
  7 giant cockroaches
  8 goblins
  6 hobgoblins
  6 jackals
  A quokka (D:5)
  2 ball pythons (D:4)
  A ball python skeleton (Ossuary)
  8 bats
  6 frilled lizards
  2 hobgoblin skeletons (Ossuary)
  12 kobolds
  4 orc zombies (Ossuary)
  2 quokka skeletons (D:4)
  19 rats
181 creatures vanquished.

Notes
Turn   | Place    | Note
-------+----------+-------------------------------------------
     0 | D:1      | Ijustatesigmund the Octopode Gladiator began the quest for
                  | the Orb.
     0 | D:1      | Reached XP level 1. HP: 14/14 MP: 1/1
   457 | D:1      | Reached XP level 2. HP: 20/20 MP: 2/2
   938 | D:1      | Reached XP level 3. HP: 25/25 MP: 3/3
  1466 | D:2      | Reached skill level 4 in Axes
  1466 | D:2      | Reached XP level 4. HP: 19/31 MP: 4/4
  1670 | D:2      | Noticed Terence
  1674 | D:2      | Killed Terence
  1920 | D:2      | Reached XP level 5. HP: 35/37 MP: 5/5
  1974 | D:2      | Found a blossoming altar of Fedhas.
  2778 | D:3      | Found a glowing drain.
  2785 | D:3      | Reached XP level 6. HP: 19/43 MP: 6/6
  2801 | Sewer    | Entered a sewer
  3081 | Sewer    | Reached skill level 5 in Axes
  3177 | Sewer    | Found a white marble altar of Elyvilon.
  4127 | D:4      | Found a staircase to the Ecumenical Temple.
  4128 | D:4      | Noticed Sigmund
  4135 | D:4      | Killed Sigmund
  4135 | D:4      | Reached skill level 5 in Fighting
  4135 | D:4      | Reached XP level 7. HP: 50/50 MP: 7/7
  4453 | D:4      | Reached skill level 5 in Dodging
  4754 | D:5      | Entered Level 5 of the Dungeon
  4808 | D:5      | Reached skill level 6 in Axes
  4808 | D:5      | Reached skill level 1 in Stealth
  4894 | D:5      | Found Ceakhlece's Magic Scroll Shoppe.
  4897 | D:5      | Bought a scroll of teleportation for 36 gold pieces
  4897 | D:5      | Bought a scroll of identify for 24 gold pieces
  4897 | D:5      | Bought a scroll of identify for 24 gold pieces
  4897 | D:5      | Bought a scroll of teleportation for 36 gold pieces
  4898 | D:5      | Gained mutation: You are clumsy. (Dex -2) [potion of
                  | mutation]
  4898 | D:5      | Lost mutation: You are clumsy. (Dex -2) [potion of
                  | mutation]
  4898 | D:5      | Gained mutation: You have supernaturally acute eyesight.
                  | (SInv) [potion of mutation]
  4929 | D:5      | Reached XP level 8. HP: 55/55 MP: 8/8
  5240 | D:5      | Found a shadowy altar of Dithmenos.
  5695 | D:6      | Found a sparkling altar of Nemelex Xobeh.
  5844 | D:6      | Noticed Pikel
  5850 | D:6      | Killed Pikel
  5850 | D:6      | Reached skill level 7 in Axes
  5850 | D:6      | Reached skill level 5 in Stealth
  6178 | D:6      | You fall into a shaft and drop 1 floor!
  6179 | D:7      | Noticed Joseph
  6284 | D:7      | Found Awotets's Book Emporium.
  6292 | D:7      | Reached skill level 1 in Unarmed Combat
  6300 | D:7      | Found Kepnop's Assorted Antiques.
  6307 | D:7      | Found a sand-covered staircase.
  6312 | Ossuary  | Entered an ossuary
  6448 | Ossuary  | Reached XP level 9. HP: 62/62 MP: 9/9
  7277 | D:7      | Reached skill level 8 in Axes
  7777 | D:7      | Mangled by Joseph

Illustrated notes

Levels and vault maps discovered:
D:1:      tarquinn_simple_flora_water_d, layout_basic
D:2:      layout_basic, overflow_temple_1_default, first_ration, uniq_terence
D:3:      layout_basic, lightli_sewer_entry_pipes
D:4:      minmay_chambers_of_threes, layout_rooms,
          minmay_temple_entry_statues_pillars, uniq_sigmund
D:5:      layout_basic, serial_shops, nicolae_shop_behind_doors,
          grunt_dithmenos_smoke
D:6:      layout_basic, hex_medium, nemelex_xobeh_ov_fountains_minmay,
          uniq_pikel
D:7:      layout_rooms, enter_ossuary_5, serial_shops,
          nicolae_shop_overgrown_old_shop, nicolae_shop_overgrown_old_shop,
          shop, uniq_harold, uniq_crazy_yiuf_cottage, uniq_joseph

Skill      XL: |  1  2  3  4  5  6  7  8  9 |
---------------+----------------------------+-----
Fighting       | 3 4 5 6 7 |  7.9
Axes           | 4 5 6 7 8 |  8.3
Dodging        | 4 5 |  5.1
Stealth        | 1 5 |  5.3
Unarmed Combat | 1 3 |  3.9
Throwing       | |  2.0

Action                   |  1- 3 |  4- 6 |  7- 9 || total
-------------------------+-------+-------+-------++-------
Melee: War axe           |    59 |   121 |       ||   180
       Constrict         |    20 |    34 |    28 ||    82
       Tentacles         |     9 |    19 |    20 ||    48
       Scythe            |       |       |   140 ||   140
Throw: Throwing net      |     1 |     2 |       ||     3
Evoke: Wand              |       |       |     6 ||     6
  Use: Scroll            |       |    14 |    10 ||    24
       Potion            |       |     2 |     7 ||     9
 Stab: Sleeping          |     2 |     7 |    23 ||    32
       Distracted        |       |       |     1 ||     1
  Eat: Chunk             |     1 |     9 |     8 ||    18
       Ration            |       |       |     1 ||     1
Armor: Skin              |     4 |    13 |     9 ||    26
Dodge: Dodged            |    36 |    84 |   143 ||   263
